 Dungeon Crawl Stone Soup version 0.29-a0-284-gf9362112df (webtiles) character file.

Game seed: 13028410308905554291

34 flyleaff the Insei (level 3, -1/26 HPs)
             Began as a Human Transmuter on Mar 16, 2022.
             Was a Follower of Nemelex Xobeh.
             Succumbed to an adder's poison
             ... on level 2 of the Dungeon.
             The game lasted 00:04:40 (1505 turns).

flyleaff the Insei (Human Transmuter)               Turns: 1505, Time: 00:04:40

Health: -1/26      AC:  2    Str: 10    XL:     3   Next: 50%
Magic:  2/6        EV:  9    Int: 15    God:    Nemelex Xobeh [*.....]
Gold:   71         SH:  0    Dex: 13    Spells: 0/6 levels left

rFire   + . .      SeeInvis .     - Unarmed
rCold   . . .      Faith    .   (no shield)
rNeg    . . .      Spirit   .   a - +0 robe
rPois   .          Reflect  .   (helmet currently unavailable)
rElec   .          Harm     .   (no cloak)
rCorr   .          Rampage  .   (no gloves)
Will    .....                   (boots currently unavailable)
Stlth   +.........              (no amulet)
HPRegen 0.08/turn               f - ring of protection from fire
MPRegen 0.10/turn               (no ring)

@: lethally poisoned (-1 -> -8), appendages (expiring), wereblooded, attractive,
constricted
A: horns 2, talons 2
a: End Transformation, Renounce Religion, Draw Escape, Draw Destruction, Draw
Summoning


You were on level 2 of the Dungeon.
You worshipped Nemelex Xobeh.
Nemelex Xobeh was aware of your devotion.
You had temporarily grown beastly horns and talons.
You visited 1 branch of the dungeon, and saw 2 of its levels.

You collected 71 gold pieces.

Inventory:

Armour
 a - a +0 robe (worn)
 e - a +0 pair of boots (melded)
Magical Staves
 h - a staff of death
Jewellery
 f - a ring of protection from fire (left hand)
Scrolls
 d - 3 scrolls of identify {unknown}
 g - a scroll of fear {unknown}
Potions
 b - a potion of lignification
 c - a potion of attraction
 i - a potion of flight {unknown}


   Skills:
 - Level 1.6 Fighting
 - Level 2.0 Dodging
 - Level 3.0 Unarmed Combat
 - Level 2.3 Spellcasting
 - Level 2.9 Transmutations
 - Level 0.1 Poison Magic
 + Level 0.4 Invocations


You couldn't memorise any spells.
You knew the following spells:

 Your Spells              Type           Power      Damage    Failure   Level
a - Beastly Appendage     Tmut           20%        N/A       7%          1
b - Spider Form           Tmut/Pois      6%         N/A       34%         3
c - Wereblood             Tmut           10%        N/A       10%         2

Your spell library contained the following spells:

 Spells                   Type           Power      Damage    Failure   Level
 Shock                    Conj/Air       4%         1d3       22%         1
 Swiftness                Air            1%         N/A       54%         3
 Ice Form                 Ice/Tmut       6%         N/A       75%         4
 Airstrike                Air            0%         N/A       91%         4


Dungeon Overview and Level Annotations

Branches:
Dungeon (2/15)

Altars:
Nemelex Xobeh


Innate Abilities, Weirdness & Mutations

You have temporarily grown beastly horns and talons.


Message History

The bat hits you but does no damage. The adder closely misses you.
The ball python barely misses you. The ball python grabs you.
The ball python constricts you.
You barely miss the adder. Your kick misses the adder.
The adder is heavily wounded.
The bat barely misses you. The adder bites you. The ball python bites you.
The ball python constricts you.
You hit the bat but do no damage. The bat hits you.
The adder closely misses you. The ball python bites you.
* * * LOW HITPOINT WARNING * * *
The ball python constricts you. The adder bites you.
* * * LOW HITPOINT WARNING * * *
You draw a card...
You have drawn the Orb.
Press: ? - help, Shift-Dir - straight line, f - ball python
Aim: a ball python (constricting you)
The wavering orb of destruction weakly hits the hobgoblin!
You feel a bit better.
You blow up the hobgoblin!
The ball python barely misses you. The ball python constricts you.
The bat hits you but does no damage. The adder bites you.
* * * LOW HITPOINT WARNING * * *
You are poisoned.
The adder poisons you!
Your orb of destruction hits a rock wall. x2
Your magical contamination has completely faded away.
You draw a card...
You have drawn the Cloud.
Clouds appear around you!
You feel sick. The bat hits you but does no damage.
The ball python bites you but does no damage.
The ball python constricts you.
* * * LOW HITPOINT WARNING * * *
The adder bites you.
* * * LOW HITPOINT WARNING * * *
You are more poisoned.
The adder poisons you! The ball python barely misses you.
The ball python constricts you.
It was a potion of attraction.
You feel attractive to monsters.
You die...
Your body disappears without a glow.

... ##. #.#
...♣. #.# ....S
#.# .....##.##
.........#
.....§#°§###...
.....§S@.......
.....§§S####...
.....§§§§.....#
....#.b.##.##.#
... #..>. # ..
###.#. # #...#
### #


You could see an adder and a ball python.

Vanquished Creatures
  2 dart slugs
  2 endoplasms (D:1)
  2 giant cockroaches (D:1)
  3 goblins (D:1)
  4 hobgoblins
  2 quokkas (D:1)
  A ball python (D:1)
  3 bats (D:1)
  2 frilled lizards (D:1)
  5 kobolds (D:1)
  2 rats (D:1)
28 creatures vanquished.

Notes
Turn   | Place    | Note
-------+----------+-------------------------------------------
     0 | D:1      | flyleaff the Human Transmuter began the quest for the Orb.
     0 | D:1      | Reached XP level 1. HP: 15/15 MP: 3/3
   483 | D:1      | Reached XP level 2. HP: 21/21 MP: 3/5
   916 | D:1      | Reached XP level 3. HP: 26/26 MP: 4/6
   998 | D:1      | Learned a level 3 spell: Spider Form
  1001 | D:1      | Learned a level 2 spell: Wereblood
  1437 | D:1      | Found a faded altar of an unknown god.
  1440 | D:1      | Prayed at the altar of an unknown god.
  1440 | D:1      | Became a worshipper of Nemelex Xobeh the Trickster
  1440 | D:1      | Reached * piety under Nemelex Xobeh
  1440 | D:1      | Received a gift from Nemelex Xobeh
  1504 | D:2      | HP: 1/26 [adder (3)]
  1505 | D:2      | Succumbed to an adder's poison

Illustrated notes

Levels and vault maps discovered:
D:1:      lemuel_arrival_cross, layout_loops_corners,
          shapermc_ecumenical_altar_hornbeckon, minmay_misc_feat_nine_boxes,
          minmay_misc_feat_pillars, serial_bayou_pond_e
D:2:      layout_basic, serial_forest, infiniplex_forest_side_room,
          infiniplex_forest_clump_curved, infiniplex_forest_lined_3_way,
          infiniplex_forest_end_1, infiniplex_forest_straight_2,
          infiniplex_forest_straight_2, infiniplex_forest_split

Action                   || total
-------------------------++-------
Melee: Unarmed           ||    55
       Kick              ||    17
       Headbutt          ||     5
       Staff             ||    12
 Cast: Beastly Appendage ||    16
       Wereblood         ||     1
Invok: Draw Escape       ||     1
       Draw Destruction  ||     1
  Use: Potion            ||     1
 Stab: Sleeping          ||     3
Armor: Robe              ||    20
Dodge: Dodged            ||    49

Table legend: (Time is in decaauts)
 A = Elapsed time spent in this place.
 B = Non-inter-level travel time spent in this place.
 C = Inter-level travel time spent in this place.
 D = Time resting spent in this place.
 E = Time spent auto-exploring this place.
 F = Levels seen in this place.
 G = Mean time per level.
                   A        B        C        D        E       F      G
               +--------+--------+--------+--------+--------+-----+--------+
         Total |   1510 |   1459 |     51 |      0 |   1250 |   2 |  755.0 |
       Dungeon |   1510 |   1459 |     51 |      0 |   1250 |   2 |  755.0 |
               +--------+--------+--------+--------+--------+-----+--------+

Top non-repeatable levels by time:
     D:1: 1493 daAuts
     D:2: 17 daAuts
